 Dungeon Crawl Stone Soup version 0.29-a0-923-g6e406bff71 (webtiles) character file.

Game seed: 1176117082582190363

2874 xian the Carver (level 9, 0/78 HPs)
             Began as a Green Draconian Berserker on July 28, 2022.
             Was a Priest of Trog.
             Slain by an orc warrior
             ... wielding a +3 battleaxe
              (8 damage)
             ... in a bailey.
             The game lasted 00:23:40 (7013 turns).

xian the Carver (Green Draconian Berserker)         Turns: 7013, Time: 00:23:41

Health: 0/78       AC: 11    Str: 21    XL:     9   Next: 47%
Magic:  9/9        EV: 14    Int:  8    God:    Trog [***...]
Gold:   108        SH:  0    Dex: 13    Spells: 8/8 levels left

rFire   . . .      SeeInvis .   a - +1 falchion
rCold   . . .      Faith    .   (no shield)
rNeg    . . .      Spirit   .   (body armour unavailable)
rPois   +          Reflect  .   (helmet restricted)
rElec   .          Harm     .   j - +0 cloak
rCorr   .          Rampage  .   m - +0 pair of gloves
Will    .....                   f - +1 pair of boots
Stlth   +++.......              r - amulet of regeneration
HPRegen 1.03/turn               (no ring)
MPRegen 0.11/turn               (no ring)

@: short of breath
A: breathe noxious fumes, AC +7, unfitting armour, poison resistance,
cold-blooded
a: Breathe Noxious Fumes, Renounce Religion, Berserk, Trog's Hand


You were in a bailey.
You worshipped Trog.
Trog was most pleased with you.
You visited 2 branches of the dungeon, and saw 8 of its levels.
You also visited: Bailey.

You collected 504 gold pieces.
You spent 396 gold pieces at shops.

Inventory:

Hand Weapons
 a - a +1 falchion (weapon)
Missiles
 i - 7 poisoned darts (quivered)
 s - 2 throwing nets
Armour
 f - a +1 pair of boots (worn)
 j - a +0 cloak (worn)
 m - a +0 pair of gloves (worn)
Jewellery
 q - a ring of protection from fire
 r - an amulet of regeneration (around neck)
 u - the amulet of Res Nullius {RegenMP Contam rC+ Will+}
   (You took it off a goblin on level 4 of the Dungeon)

   [amulet of magic regeneration]

   It increases your rate of magic regeneration.
   rC:        It protects you from cold.
   Contam:    It causes magical contamination when unequipped.
   Will:      It increases your willpower.
Wands
 w - a wand of roots (3)
 y - a wand of flame (7)
Scrolls
 c - a scroll of silence
 d - a scroll of brand weapon
 k - a scroll of immolation
 n - 3 scrolls of poison
 o - 2 scrolls of fear
 p - 2 scrolls of blinking
Potions
 b - 6 potions of curing
 e - a potion of ambrosia {unknown}
 g - 2 potions of magic
 h - 2 potions of resistance
 l - 5 potions of lignification
 t - 2 potions of might
 v - 2 potions of haste {unknown}
 x - a potion of attraction {unknown}
 z - a potion of heal wounds


   Skills:
 + Level 6.9 Fighting
 + Level 9.3 Long Blades
 + Level 0.2 Throwing
 + Level 6.2 Dodging
 + Level 4.9 Stealth
 + Level 0.3 Evocations


You had 8 spell levels left.
You didn't know any spells.
Your spell library contained the following spells:

 Spells                   Type           Power      Damage    Failure   Level
 Foxfire                  Conj/Fire      0%         2x1d4     41%         1
 Sublimation of Blood     Necr           0%         N/A       54%         2
 Call Canine Familiar     Summ           0%         N/A       78%         3
 Confusing Touch          Hex            0%         N/A       78%         3
 Conjure Flame            Conj/Fire      0%         6-21      78%         3
 Gell's Gravitas          Tloc           0%         N/A       78%         3
 Inner Flame              Hex/Fire       0%         N/A       78%         3
 Portal Projectile        Hex/Tloc       0%         N/A       78%         3
 Teleport Other           Tloc           0%         N/A       78%         3
 Cause Fear               Hex            0%         N/A       99%         4
 Flame Wave               Conj/Fire      0%         2d4       99%         4
 Leda's Liquefaction      Hex/Erth       0%         N/A       99%         4
 Petrify                  Tmut/Erth      0%         N/A       99%         4
 Irradiate                Conj/Tmut      0%         3d11      100%        5
 Yara's Violent Unravell  Hex/Tmut       0%         3d3       100%        5
 Dispersal                Tloc           0%         N/A       100%        6
 Enfeeble                 Hex            0%         N/A       100%        7
 Discord                  Hex            0%         N/A       100%        8


Dungeon Overview and Level Annotations

Branches:
Dungeon (7/15)             Temple (1/1) D:4          Bailey (1/1)

Altars:
Ashenzari
Cheibriados
Dithmenos
Elyvilon
Fedhas
Gozag
Hepliaklqana
Kikubaaqudgha
Makhleb
Nemelex Xobeh
Qazlal
Ru
Sif Muna
Trog
Uskayaw
Vehumet
Wu Jian
Xom
Yredelemnul
Zin
The Shining One

Shops:
D:3 !*   D:6 !


Innate Abilities, Weirdness & Mutations

You can breathe blasts of noxious fumes.
Your lurid green scales are hard. (AC +7)
You cannot fit into any form of body armour.
Your system is resistant to poisons. (rPois)
You are cold-blooded and may be slowed by cold attacks.


Message History

You tail-slap the orc warrior.
The orc warrior is heavily wounded.
The orc warrior grins madly.
An orc comes into view. It is wielding a +0 hand axe.
Things that are here:
a +0 hand axe; a +0 leather armour The hobgoblin hits you with a +0 hand axe.
You strike the helpless orc warrior from behind!
You hit the orc warrior but do no damage.
Your tail-slap misses the orc warrior.
The orc warrior is heavily wounded.
You strike the helpless orc warrior from behind!
You hit the orc warrior. Your punch misses the orc warrior.
The orc warrior is severely wounded.
The hobgoblin hits you but does no damage.
The goblin hits you but does no damage. The orc warrior closely misses you.
You hit the orc warrior but do no damage.
You tail-slap the orc warrior, but do no damage.
The orc warrior is severely wounded.
The orc warrior seems less confused.
The hobgoblin hits you but does no damage.
The goblin closely misses you. The orc warrior completely misses you.
You closely miss the orc warrior.
The orc warrior is severely wounded.
The hobgoblin hits you with a +0 hand axe!
The goblin closely misses you.
The orc warrior hits you with a +3 battleaxe!
You barely miss the orc warrior.
The orc warrior is severely wounded.
The hobgoblin misses you. The goblin hits you with a +0 hand axe.
The orc warrior hits you with a +3 battleaxe!!
* * * LOW HITPOINT WARNING * * *
You hit the orc warrior but do no damage.
The orc warrior is severely wounded.
You hit the orc warrior.
The orc warrior is almost dead.
The hobgoblin hits you but does no damage.
The goblin hits you but does no damage.
The orc warrior hits you with a +3 battleaxe!
You die...

##!?∩!?## #??...??#
##.......## #.........#
##.........##
#######.....⌠.....#
##...o.##.........##o.
#....@go'))).g....'g..
##.....g.##).....)##g..
#.....))).#.......# .o
##.........##88.88## .
#.....⌠..)..###'###
##.........## o#
#.........# .
##..)....## #)......#


You could see an orc warrior, an orc, a hobgoblin and a goblin.

Vanquished Creatures
  The ghost of omnesmortales the Firebug, a novice HOCA of Ignis (D:4)
  Grinder (D:4)
  The ghost of quixfox the Digger, an amateur GrEE (D:5)
  Edmund (D:5)
  A water moccasin (D:5)
  2 ice beasts
  8 orc warriors (Bailey)
  2 centaurs
  A gnoll sergeant (D:5)
  A necrophage (D:6)
  A scorpion (D:4)
  A howler monkey (D:5)
  5 hounds
  An iguana (D:6)
  3 orc wizards (D:5)
  28 gnolls
  5 adders
  3 worms
  2 dart slugs
  13 orcs
  2 ball pythons (D:3)
  7 bats
  8 endoplasms
  2 giant cockroaches (D:2)
  13 goblins
  16 hobgoblins
  10 jackals
  2 quokkas
  2 frilled lizards (D:1)
  9 kobolds
  10 rats
162 creatures vanquished.

Vanquished Creatures (others)
  A bush (D:5)
1 creature vanquished.

Grand Total: 163 creatures vanquished

Notes
Turn   | Place    | Note
-------+----------+-------------------------------------------
     0 | D:1      | xian the Draconian Berserker began the quest for the Orb.
     0 | D:1      | Reached XP level 1. HP: 19/19 MP: 1/1
   198 | D:1      | Reached XP level 2. HP: 26/26 MP: 2/2
   995 | D:2      | Reached XP level 3. HP: 31/31 MP: 3/3
  1042 | D:2      | Reached ** piety under Trog
  1318 | D:2      | Found an ancient bone altar of Kikubaaqudgha.
  1919 | D:3      | Found Edojeg Byaj's Assorted Antiques.
  1933 | D:3      | Bought a glowing brown potion for 15 gold pieces
  1933 | D:3      | Bought 3 scrolls labelled UZUISE ECEMI for 51 gold pieces
  1933 | D:3      | Bought a scroll labelled MEGIGE NESAELE for 17 gold pieces
  1933 | D:3      | Bought a scroll labelled MITAIHAATHY for 17 gold pieces
  1933 | D:3      | Bought a scroll labelled CYNESOKONKYV for 17 gold pieces
  1933 | D:3      | Bought a black potion for 15 gold pieces
  1936 | D:3      | Found Yloetec's Distillery.
  1977 | D:3      | Reached skill level 4 in Long Blades
  1977 | D:3      | Reached XP level 4. HP: 15/40 MP: 4/4
  1981 | D:3      | Reached skill level 1 in Stealth
  2458 | D:3      | Found a faded altar of an unknown god.
  2475 | D:3      | Reached XP level 5. HP: 23/46 MP: 5/5
  3301 | D:4      | Identified the amulet of Res Nullius {RegenMP Contam rC+
                  | Will+}
  3374 | D:4      | Found a runed translucent gate.
  3374 | D:4      | Found a runed translucent gate.
  3386 | D:4      | Found a runed translucent gate.
  3397 | D:4      | Noticed omnesmortales's ghost (novice HOCA)
  3418 | D:4      | Killed omnesmortales's ghost
  3419 | D:4      | Reached skill level 6 in Long Blades
  3419 | D:4      | Reached XP level 6. HP: 38/55 MP: 6/6
  3555 | D:4      | Your scales start taking on a lurid green colour.
  3555 | D:4      | Reached XP level 7. HP: 44/60 MP: 7/7
  3555 | D:4      | Gained mutation: Your system is resistant to poisons.
                  | (rPois) [Green Draconian growth]
  3793 | D:4      | Noticed Grinder
  3813 | D:4      | Paralysed by Grinder for 4 turns
  3818 | D:4      | Paralysed by Grinder for 2 turns
  3835 | D:4      | Killed Grinder
  3836 | D:4      | Reached skill level 5 in Fighting
  4073 | D:4      | Found a staircase to the Ecumenical Temple.
  4216 | Temple   | Entered the Ecumenical Temple
  4754 | D:5      | Entered Level 5 of the Dungeon
  4789 | D:5      | Reached skill level 7 in Long Blades
  4993 | D:5      | Reached XP level 8. HP: 47/70 MP: 8/8
  5134 | D:5      | Noticed Edmund
  5159 | D:5      | Killed Edmund
  5160 | D:5      | Reached skill level 5 in Dodging
  5839 | D:5      | Found a white marble altar of Elyvilon.
  5839 | D:5      | Found a hide-covered altar of Uskayaw.
  5888 | D:5      | Reached skill level 8 in Long Blades
  5951 | D:5      | Found a large runed translucent door.
  5951 | D:5      | Found a large runed translucent door.
  5953 | D:5      | Noticed quixfox's ghost (amateur GrEE)
  5972 | D:5      | Killed quixfox's ghost
  6327 | D:6      | Reached *** piety under Trog
  6403 | D:6      | Found a sacrificial altar of Ru.
  6409 | D:6      | Found a shimmering altar of Xom.
  6426 | D:6      | Reached XP level 9. HP: 77/78 MP: 9/9
  6624 | D:6      | Found Fif Hui's Distillery.
  6632 | D:6      | Bought 2 potions of heal wounds for 120 gold pieces
  6632 | D:6      | Bought a potion of might for 48 gold pieces
  6632 | D:6      | Bought a potion of magic for 96 gold pieces
  6731 | D:7      | Found a flagged portal.
  6739 | Bailey   | Entered a bailey
  6944 | Bailey   | Reached skill level 9 in Long Blades
  7013 | Bailey   | Slain by an orc warrior

Illustrated notes

Levels and vault maps discovered:
D:1:      dpeg_arrival_boxorama, layout_basic, roderic_serpentine_path
D:2:      layout_loops_ring, basic_altar, minmay_rat_gold_closets
D:3:      layout_basic, hellmonk_ecumenical_altar_lost_god, serial_shops,
          nicolae_shop_trees, nicolae_shop_hallway_stairs
D:4:      layout_rooms, minmay_temple_entry_fiery, ebering_ghost_rock_garden,
          uniq_grinder
D:5:      layout_rooms, gammafunk_temple_overflow_wave,
          ebering_ghost_disaster_area, kb_lookout_dungeons_type, st_stairs_10,
          uniq_edmund
D:6:      layout_basic, chequers_temple_overflow_statue_of_worship,
          serial_shops, shop, amcnicky_mini_pool_small, nicolae_benzene_ring,
          eino_tiny_chamber
D:7:      layout_loops_corners, enter_bailey_6
Temple:   minmay_temple_bridge_d
Bailey:   bailey_axe_minmay_hex_keep, bailey

Skill      XL: |  1  2  3  4  5  6  7  8  9 |
---------------+----------------------------+-----
Dodging        | 3 4 5 6 |  6.2
Long Blades    | 4 6 7 8 9 |  9.3
Stealth        | 1 2 3 4 |  4.9
Fighting       | 4 5 6 |  6.9
Throwing       | |  0.2
Evocations     | |  0.3

Action                   |  1- 3 |  4- 6 |  7- 9 || total
-------------------------+-------+-------+-------++-------
Melee: Falchion          |   154 |    90 |   326 ||   570
       Tailslap          |    18 |    14 |    44 ||    76
       Punch             |     1 |     1 |     2 ||     4
Throw: Dart              |     4 |       |     1 ||     5
Invok: Berserk           |     3 |     4 |     8 ||    15
       Trog's Hand       |       |       |     3 ||     3
 Abil: Breathe Noxious F |       |       |    22 ||    22
Evoke: Wand              |       |       |     3 ||     3
  Use: Scroll            |       |     8 |    11 ||    19
       Potion            |       |     1 |     5 ||     6
 Stab: Sleeping          |     2 |       |     3 ||     5
       Confused          |       |       |    20 ||    20
Armor: Skin              |    92 |    35 |   120 ||   247
Dodge: Dodged            |   152 |    57 |   274 ||   483

Table legend: (Time is in decaauts)
 A = Elapsed time spent in this place.
 B = Non-inter-level travel time spent in this place.
 C = Inter-level travel time spent in this place.
 D = Time resting spent in this place.
 E = Time spent auto-exploring this place.
 F = Levels seen in this place.
 G = Mean time per level.
                   A        B        C        D        E       F      G
               +--------+--------+--------+--------+--------+-----+--------+
         Total |   7120 |   6675 |    445 |     28 |   4825 |   9 |  791.1 |
       Dungeon |   6470 |   6170 |    300 |      0 |   4575 |   7 |  924.3 |
        Temple |    368 |    223 |    145 |      0 |    212 |   1 |  368.0 |
        Bailey |    280 |    280 |      0 |     28 |     38 |   1 |  280.0 |
               +--------+--------+--------+--------+--------+-----+--------+

Top non-repeatable levels by time:
     D:4: 1420 daAuts
     D:3: 1303 daAuts
     D:5: 1247 daAuts
     D:1: 903 daAuts
     D:2: 895 daAuts
     D:6: 643 daAuts
  Temple: 368 daAuts
  Bailey: 280 daAuts
     D:7: 56 daAuts
